 Dungeon Crawl Stone Soup version 0.31-a0-222-gefeffbb62a (webtiles) character file.

Game seed: 1770051672710195806

84 qw the Shooter (level 4, 0/36 HPs)
             Began as a Minotaur Hexslinger on July 5, 2023.
             Slain by an orc wizard
             ... wielding a +0 dagger
              (3 damage)
             ... on level 3 of the Dungeon.
             The game lasted 00:00:44 (1792 turns).

qw the Shooter (Minotaur Hexslinger)                Turns: 1792, Time: 00:00:45

Health: 0/36       AC:  3    Str: 12    XL:     4   Next: 24%
Magic:  4/4        EV: 12    Int: 10    God:
Gold:   99         SH:  0    Dex: 15    Spells: 4/5 levels left

rFire   . . .        Y - +1 sling
rCold   . . .        (no shield)
rNeg    . . .        c - +0 robe
rPois   .            (helmet restricted)
rElec   .            (no cloak)
rCorr   .            (no gloves)
SInv    .            h - +0 pair of boots
Will    .....        (no amulet)
Stlth   +            (no ring)
HPRegen 0.26/turn    (no ring)
MPRegen 0.09/turn

%: no passive effects
@: confused
A: horns 2, retaliatory headbutt
a: no special abilities


You were on level 3 of the Dungeon.
You visited 1 branch of the dungeon, and saw 3 of its levels.

You collected 99 gold pieces.


Innate Abilities, Weirdness & Mutations

You have a pair of horns on your head.
You reflexively headbutt those who attack you in melee.


   Skills:
 - Level 2.0 Fighting
 + Level 4.8 Ranged Weapons
 - Level 2.1 Dodging
 - Level 1.0 Spellcasting
 - Level 2.0 Hexes


You had 4 spell levels left.
You knew the following spells:

 Your Spells              Type           Power      Damage    Failure   Level
a - Slow                  Hex            16%        N/A       16%         1

Your spell library contained the following spells:

 Spells                   Type           Power      Damage    Failure   Level
 Inner Flame              Hex/Fire       2%         N/A       56%         3
 Portal Projectile        Hex/Tloc       4%         N/A       56%         3
 Cause Fear               Hex            2%         N/A       83%         4

Inventory:

Hand Weapons
 Y - a +1 sling (weapon)
Armour
 c - a +0 robe (worn)
 h - a +0 pair of boots (worn)
Potions
 d - a potion of berserk rage {unknown}
 k - a potion of mutation {unknown}
 l - a potion of degeneration {unknown}
 m - a potion of lignification {unknown}

Dungeon Overview and Level Annotations

Branches:
Dungeon (3/15)

Altars:


Message History

The puff of flame hits you!
1774 ||| FLEEEEING.
Found an escape hatch in the floor.
You hear some strange, mumbled words.
You are confused.
The goblin hits you with a +0 dagger. The goblin hits you with a +0 dagger.
The goblin closely misses you. The goblin hits you with a +0 dagger.
The goblin hits you with a +0 dagger.
You feel less confused. The goblin closely misses you.
You shoot a sling bullet.
The sling bullet barely misses the goblin.
The goblin closely misses you. You furiously retaliate!
You headbutt the goblin!
You kill the goblin!
You hear some strange, mumbled words.
Something tries to affect you, but you resist.
You hear some strange, mumbled words.
Something tries to affect you, but you resist.
1783 ||| STILL FLEEEEING.
You shoot a sling bullet. You shoot a sling bullet. Something hits you.
You shoot a sling bullet. Something hits you but does no damage.
You shoot a sling bullet.
You hear some strange, mumbled words.
You are confused.
Something hits you.
You shoot a sling bullet.
An orc wizard appears from thin air!
Reactivating autopickup.
The orc wizard closely misses you. Something hits you.
Deactivating autopickup; reactivate with Ctrl-A.
The orc wizard hits you with a +1 dagger of protection.
Something hits you. The orc wizard completely misses you.
Something hits you but does no damage. The orc wizard closely misses you.
Something hits you. The orc wizard closely misses you. Something hits you.
You die...

...#.##.# #.# .... #.# #.#
... #.# #.# #.# #.# #.#
#.###.#########'##
#.......##....#..##
#.###.#.###..###..##
#..##.#.##..## ##..#
#.{@#.#......###....
#)#o..#...#...#...#.
.......)#>###.####.....###
........#.# #.# ##._.##
.......##.# #.# #.....#
....... #.# #.. #...#...#
....... #.# #.#....###....
....... #># #.##..# #..#
....... ##. .##


You could see an orc wizard.

Vanquished Creatures
  An adder (D:3)
  A worm (D:2)
  3 dart slugs (D:1)
  An orc (D:3)
  11 ball pythons
  6 bats
  4 endoplasms
  3 giant cockroaches (D:1)
  8 goblins
  7 hobgoblins
  2 jackals (D:2)
  A quokka (D:1)
  3 frilled lizards
  6 kobolds
  2 rats (D:2)
59 creatures vanquished.

Notes
Turn   | Place    | Note
-------+----------+-------------------------------------------
     0 | D:1      | qw the Minotaur Hexslinger began the quest for the Orb.
     0 | D:1      | Reached XP level 1. HP: 16/16 MP: 1/1
     0 | D:1      | 0 ||| qw: Version: 0.3-a-46-gb1f654a
     0 | D:1      | 0 ||| qw: Game counter: 1067
     0 | D:1      | 0 ||| qw: Melee chars always use a shield: true
     0 | D:1      | 0 ||| qw: God list: Okawaru
     0 | D:1      | 0 ||| qw: Allow faded altars: false
     0 | D:1      | 0 ||| qw: Do Orc after clearing Dungeon:15 true
     0 | D:1      | 0 ||| qw: Do second Lair branch before Depths: true
     0 | D:1      | 0 ||| qw: Lair rune preference: random
     0 | D:1      | 0 ||| qw: Goals: Normal
     0 | D:1      | 0 ||| PLANNING D:1-11
   110 | D:1      | Reached skill level 3 in Ranged Weapons
   148 | D:1      | Reached XP level 2. HP: 20/23 MP: 2/2
   659 | D:1      | Reached XP level 3. HP: 29/29 MP: 3/3
   776 | D:1      | 776 ||| FLEEEEING.
   986 | D:1      | 986 ||| UPGRADING to +0 pair of boots.
   991 | D:1      | 991 ||| DROPPING ring of wizardry.
   992 | D:1      | 992 ||| READING scroll labelled FYHA CEZAUTH.
   993 | D:1      | 993 ||| READING scroll labelled IKIRRI LAHATS.
   994 | D:1      | 994 ||| READING 2 scrolls labelled WEILUU ECOFENI.
   995 | D:1      | 995 ||| DROPPING scroll of poison.
   996 | D:1      | 996 ||| DROPPING scroll of fear.
  1052 | D:2      | Reached skill level 4 in Ranged Weapons
  1682 | D:2      | 1682 ||| READING scroll labelled PAACVU LOCLOOT.
  1683 | D:2      | 1683 ||| READING scroll labelled OCHOR KORELL.
  1684 | D:2      | 1684 ||| DRINKING 2 brown potions.
  1697 | D:3      | Reached XP level 4. HP: 36/36 MP: 4/4
  1720 | D:3      | Found a faded altar of an unknown god.
  1762 | D:3      | 1762 ||| DRINKING potion of curing.
  1762 | D:3      | 1762 ||| (to cure confusion)
  1774 | D:3      | 1774 ||| FLEEEEING.
  1788 | D:3      | HP: 8/36 [something (2)]
  1791 | D:3      | HP: 3/36 [something (2)]
  1792 | D:3      | Slain by an orc wizard

Levels and vault maps discovered:
D:1:      dpeg_arrival_fog, layout_basic, serial_glass, glass_columns_a,
          glass_columns_a, glass_columns_b, glass_columns_b, glass_columns_a,
          glass_columns_a, chequers_serial_rivers_micro_c
D:2:      layout_loops_ring, grunt_ministairs_2
D:3:      layout_basic, mainiacjoe_overflow_small_starburst,
          nicolae_qazlal_style_of_elements, mainiacjoe_overflow_cross_hatched,
          nicolae_ecumenical_snake_handling, uniq_grinder, uniq_ijyb,
          uniq_sigmund

Skill      XL: |  1  2  3 |
---------------+----------+-----
Ranged Weapons | 3 4 |  4.8
Fighting       | 2 |  2.0
Dodging        | |  2.1
Spellcasting   | |  1.0
Hexes          | |  2.0

Action                     |  1- 3 |  4- 6 || total
---------------------------+-------+-------++-------
   Fire: Sling             |   129 |    26 ||   155
    Use: Scroll            |     5 |       ||     5
         Potion            |     1 |     1 ||     2
 Armour: Robe              |     9 |     4 ||    13
  Dodge: Dodged            |    25 |    22 ||    47

Table legend:
 A = Non-vault XP
 B = Vault XP
 C = Vault XP percentage of total XP
 D = Non-vault monster count
 E = Vault monster count
 F = Vault count percentage of total count
                 A         B        C        D         E       F
            +---------+---------+-------+---------+---------+-------
      Total |      97 |      24 |  19.8 |      52 |       7 |  11.9
            +---------+---------+-------+---------+---------+-------
        D:1 |      58 |       0 |   0.0 |      30 |       0 |   0.0
        D:2 |      32 |       6 |  15.8 |      19 |       3 |  13.6
        D:3 |       7 |      18 |  72.0 |       3 |       4 |  57.1
            +---------+---------+-------+---------+---------+-------
